 Dungeon Crawl Stone Soup version 0.26.1-2-gb8aa6d0cf2 (webtiles) character file.

Game seed: 340191564635684296

5651 Gildeon the Blocker (level 10, -4/63 HPs)
             Began as a Gargoyle Fighter on Mar 13, 2021.
             Was a High Priest of Zin.
             Slain by a white ugly thing (9 damage)
             ... in an ice cave.
             The game lasted 00:35:19 (11188 turns).

Gildeon the Blocker (Gargoyle Fighter)             Turns: 11188, Time: 00:35:20

Health: -4/63      AC: 28    Str: 23    XL:     10   Next: 74%
Magic:  0/10       EV:  8    Int:  9    God:    Zin [*****.]
Gold:   320        SH: 11    Dex:  9    Spells: 7/9 levels left

rFire    x . .     SeeInvis .   w - +0 morningstar
rCold    + . .     Faith    .   c - +0 kite shield
rNeg     + . .     Spirit   +   H - +0 plate armour
rPois    ∞         Reflect  .   (no helmet)
rElec    +         Harm     .   A - +0 cloak
rCorr    .         Rampage  .   (no gloves)
Will     .....                  F - +1 pair of boots
Stlth    ..........             p - amulet of guardian spirit
HPRegen  0.20/turn              t - +4 ring of protection
MPRegen  0.12/turn              O - ring of ice

@: mighty, hasted, very quick
A: negative energy resistance 1, electricity resistance, unbreathing,
petrification resistance, miasma immunity, AC +7
a: Renounce Religion, Recite, Vitalisation, Imprison, Sanctuary, Donate Gold


You were in an ice cave.
You worshipped Zin.
Zin was extremely pleased with you.
You visited 3 branches of the dungeon, and saw 12 of its levels.
You also visited: Ice Cave.

You collected 586 gold pieces.
You spent 208 gold pieces at shops.
You donated 58 gold pieces to Zin.

Inventory:

Hand Weapons
 m - a +0 vorpal war axe
 w - a +0 morningstar (weapon)
Armour
 b - a +0 chain mail of cold resistance
 c - a +0 kite shield (worn)
 u - a +1 scale mail of fire resistance
 A - a +0 cloak (worn)
 F - a +1 pair of boots (worn)
 H - a +0 plate armour (worn)
Jewellery
 j - an uncursed ring of willpower
 p - an amulet of guardian spirit (around neck)
 t - a +4 ring of protection (left hand)
 C - an uncursed ring of flight
 O - a ring of ice (right hand)
 P - an uncursed ring of resist corrosion
Wands
 o - a wand of paralysis (6)
 B - a wand of iceblast (5)
 N - a wand of disintegration (17)
Scrolls
 a - a scroll of remove curse
 e - 2 scrolls of teleportation
 h - a scroll of fear {unknown}
 l - 2 scrolls of immolation {unknown}
 n - 3 scrolls of amnesia
 q - a scroll of random uselessness {unknown}
 r - a scroll of enchant armour {unknown}
 y - a scroll of summoning
 z - a scroll of magic mapping
 I - a scroll of blinking {unknown}
 J - 2 scrolls of vulnerability
 L - a scroll of fog {unknown}
Potions
 d - a potion of might
 f - a potion of cancellation {unknown}
 g - 2 potions of flight
 i - 3 potions of curing
 k - 6 potions of heal wounds
 s - 3 potions of haste
 v - 2 potions of magic {unknown}
 x - a potion of attraction {unknown}
 D - 2 potions of resistance {unknown}
 E - 2 potions of brilliance {unknown}
 G - a potion of ambrosia {unknown}
 K - a potion of berserk rage {unknown}
 M - a potion of mutation {unknown}


   Skills:
 + Level 7.1 Fighting
 + Level 8.0 Maces & Flails
 + Level 7.1 Armour
 + Level 6.3 Dodging
 + Level 9.2 Shields


You had 7 spell levels left.
You knew the following spells:

 Your Spells              Type           Power        Failure   Level
a - Slow                  Hex            0%           100%        2

Your spell library contained the following spells:

 Spells                   Type           Power        Failure   Level
 Animate Skeleton         Necr           0%           100%        1
 Beastly Appendage        Tmut           0%           100%        1
 Magic Dart               Conj           0%           100%        1
 Shock                    Conj/Air       0%           100%        1
 Sting                    Tmut/Pois      0%           100%        1
 Summon Small Mammal      Summ           0%           100%        1
 Wereblood                Tmut           0%           100%        2
 Spider Form              Tmut/Pois      0%           100%        3
 Ice Form                 Ice/Tmut       0%           100%        4
 Blade Hands              Tmut           0%           100%        5
 Yara's Violent Unravell  Hex/Tmut       0%           100%        5
 Discord                  Hex            0%           100%        8


Dungeon Overview and Level Annotations

Branches:
Dungeon (10/15)            Temple (1/1) D:7            Lair (1/6) D:9
    Orc (0/2) D:9           IceCv (1/1)

Altars:
Ashenzari
Cheibriados
Dithmenos
Elyvilon
Fedhas
Gozag
Hepliaklqana
Kikubaaqudgha
Makhleb
Nemelex Xobeh
Okawaru
Qazlal
Ru
Sif Muna
Trog
Uskayaw
Vehumet
Wu Jian
Xom
Yredelemnul
Zin
The Shining One

Shops:
D:4 ?


Innate Abilities, Weirdness & Mutations

You are resistant to torment.
Your stone body is resilient. (AC +7)
You are immune to poison.
You resist negative energy. (rN+)
You are resistant to electric shocks. (rElec)
You can survive without breathing.
You are immune to petrification.
You are immune to miasma.


Message History

The ice beast hits you but does no damage. x3
The ice beast barely misses you. You block the ice beast's attack.
Your plate armour prevents you from hitting the white ugly thing.
The white ugly thing is heavily wounded.
The white ugly thing tentacle-slaps you.
The white ugly thing freezes you! You resist.
* * * LOW HITPOINT WARNING * * *
You sock the white ugly thing!
The white ugly thing is severely wounded.
You block the ice beast's attack.
The ice beast hits you but does no damage.
You block the ice beast's attack. The ice beast hits you.
* * * LOW HITPOINT WARNING * * *
The ice beast freezes you. You resist.
* * * LOW HITPOINT WARNING * * *
The ice beast barely misses you.
The white ugly thing tentacle-slaps you.
* * * LOW HITPOINT WARNING * * *
The white ugly thing freezes you! You resist.
You die...

####
####...##
##........
##.........
##..........
#..YY...8..(
#..@YY....!.
#.YYu....?©!
#.........?.
#.......8..$
##..........
##.........
##........
####...##
####


You could see a white ugly thing and 6 ice beasts.

Vanquished Creatures
  An unseen horror (D:10)
  2 rime drakes (Lair:1)
  Prince Ribbit (D:6)
  The ghost of Quickbrownfox the Twirler, an amateur DsGl (D:3)
  The ghost of H0rd4k the Charlatan, an amateur HuAr (D:3)
  Edmund (D:3)
  The ghost of smzp the Insei, an amateur OpTm (D:3)
  A phantom (D:8)
  3 ice beasts
  3 orc warriors
  The ghost of dinkelkeks the Slasher, an amateur MiFi (D:3)
  2 sky beasts (D:9)
  8 ogres
  2 centaurs
  The ghost of aloneDruid the Changer, an amateur OpTm (D:3)
  3 bullfrogs
  A scorpion (D:9)
  A water moccasin skeleton (D:8)
  6 killer bees
  3 wights (D:8)
  A crimson imp (D:6)
  3 bullfrog zombies
  2 centaur zombies
  6 orc priests
  Crazy Yiuf (D:4)
  6 hounds
  Ijyb (D:5)
  A centaur skeleton (D:7)
  11 orc wizards
  Terence (D:3)
  Natasha (thrice) (D:4)
  3 iguanas
  5 worker ants
  A howler monkey zombie (D:4)
  3 adders
  2 shadow imps
  4 white imps
  An ooze (D:1)
  2 adder skeletons
  6 worms
  2 dart slugs (D:3)
  5 leopard geckos
  44 orcs
  4 bats
  4 giant cockroaches
  9 goblins
  7 hobgoblins
  2 jackals (D:1)
  3 quokkas
  3 ball pythons (D:1)
  3 frilled lizards
  A kobold (D:1)
  3 rats
196 creatures vanquished.

Vanquished Creatures (others)
  An orc wizard (D:4)
  A quokka (D:5)
2 creatures vanquished.

Grand Total: 198 creatures vanquished

Notes
Turn   | Place    | Note
-------+----------+-------------------------------------------
     0 | D:1      | Gildeon the Gargoyle Fighter began the quest for the Orb.
     0 | D:1      | Reached XP level 1. HP: 14/14 MP: 1/1
    57 | D:1      | Reached XP level 2. HP: 19/19 MP: 2/2
   463 | D:1      | Reached XP level 3. HP: 23/23 MP: 3/3
  1168 | D:2      | Reached skill level 1 in Dodging
  1349 | D:2      | Found a glowing silver altar of Zin.
  1361 | D:2      | Became a worshipper of Zin the Law-Giver
  1658 | D:3      | Reached XP level 4. HP: 29/29 MP: 4/4
  1682 | D:3      | Reached * piety under Zin
  1731 | D:3      | Noticed Terence
  1754 | D:3      | Killed Terence
  1755 | D:3      | Reached skill level 4 in Shields
  1757 | D:3      | Reached XP level 5. HP: 26/33 MP: 5/5
  2085 | D:3      | Reached ** piety under Zin
  2097 | D:3      | Found a runed translucent gate.
  2097 | D:3      | Found a runed translucent gate.
  2097 | D:3      | Found a runed translucent gate.
  2101 | D:3      | Noticed dinkelkeks's ghost (amateur MiFi)
  2101 | D:3      | Noticed Quickbrownfox's ghost (amateur DsGl)
  2101 | D:3      | Noticed aloneDruid's ghost (amateur OpTm)
  2101 | D:3      | Noticed smzp's ghost (amateur OpTm)
  2101 | D:3      | Noticed H0rd4k's ghost (amateur HuAr)
  2481 | D:4      | Noticed Edmund
  2484 | D:4      | Noticed Natasha
  2528 | D:3      | Killed Edmund
  2529 | D:3      | Reached XP level 6. HP: 10/39 MP: 6/6
  2814 | D:4      | Killed Natasha
  2952 | D:4      | Found Qegyqoco's Magic Scroll Emporium.
  2958 | D:4      | Bought a scroll of identify for 22 gold pieces
  2958 | D:4      | Bought a scroll of summoning for 104 gold pieces
  2958 | D:4      | Bought a scroll of remove curse for 33 gold pieces
  2958 | D:4      | Bought a scroll of magic mapping for 38 gold pieces
  2958 | D:4      | Bought a scroll of noise for 11 gold pieces
  3027 | D:4      | Reached XP level 7. HP: 19/44 MP: 7/7
  3030 | D:4      | Reached *** piety under Zin
  3381 | D:4      | Noticed Natasha
  3400 | D:4      | Killed Natasha
  3401 | D:4      | Reached skill level 5 in Fighting
  3401 | D:4      | Reached skill level 5 in Shields
  3591 | D:4      | Noticed Natasha
  3595 | D:4      | Killed Natasha
  3596 | D:4      | Reached skill level 5 in Armour
  3755 | D:4      | Found a runed translucent door.
  3756 | D:4      | Noticed Crazy Yiuf
  3767 | D:4      | Killed Crazy Yiuf
  4150 | D:5      | Entered Level 5 of the Dungeon
  4150 | D:5      | Noticed Ijyb
  4159 | D:5      | Killed Ijyb
  4160 | D:5      | Reached XP level 8. HP: 49/49 MP: 8/8
  4645 | D:5      | Reached skill level 6 in Shields
  4800 | D:5      | Found a white marble altar of Elyvilon.
  5091 | D:6      | Found a sparkling altar of Nemelex Xobeh.
  5181 | D:6      | Reached skill level 5 in Maces & Flails
  5486 | D:6      | Reached **** piety under Zin
  6163 | D:6      | Noticed Prince Ribbit
  6289 | D:6      | Killed Prince Ribbit
  6550 | D:6      | Found a burning altar of Makhleb.
  6551 | D:6      | Found a radiant altar of Vehumet.
  6570 | D:6      | Reached skill level 7 in Shields
  6648 | D:7      | Reached XP level 9. HP: 41/54 MP: 5/9
  6817 | D:7      | Found a staircase to the Ecumenical Temple.
  6825 | D:7      | Identified the Catalogue of Malediction
  6835 | Temple   | Entered the Ecumenical Temple
  6892 | D:7      | Learned a level 2 spell: Slow
  7015 | D:7      | Found an opulent altar of Gozag.
  7282 | D:7      | Reached skill level 5 in Dodging
  7635 | D:3      | Killed smzp's ghost
  7651 | D:3      | Killed H0rd4k's ghost
  7671 | D:3      | Killed Quickbrownfox's ghost
  7681 | D:3      | Killed dinkelkeks's ghost
  7689 | D:3      | Killed aloneDruid's ghost
  7690 | D:3      | Reached skill level 8 in Shields
  7705 | D:3      | Reached ***** piety under Zin
  7905 | D:8      | Found a sacrificial altar of Ru.
  9225 | D:8      | Reached XP level 10. HP: 34/60 MP: 6/10
  9627 | D:9      | Found a staircase to the Orcish Mines.
  9890 | D:9      | Identified An Introduction to Witchery
 10268 | D:9      | Found a snail-covered altar of Cheibriados.
 10441 | D:9      | Found a staircase to the Lair.
 10560 | D:9      | Found a stormy altar of Qazlal.
 10753 | D:10     | Entered Level 10 of the Dungeon
 10841 | D:10     | Killed an unseen horror
 10842 | D:10     | Reached skill level 9 in Shields
 10960 | D:10     | Noticed a skeletal warrior
 11121 | Lair:1   | Entered Level 1 of the Lair of Beasts
 11141 | Lair:1   | Found a frozen archway.
 11176 | IceCv    | Entered an ice cave
 11176 | IceCv    | Noticed a white ugly thing
 11188 | IceCv    | Slain by a white ugly thing

Illustrated notes

Levels and vault maps discovered:
D:1:      elethiomel_arrival_maze, layout_basic
D:2:      layout_rooms, zin_academy, ebering_dispersal_statue_hall
D:3:      layout_basic, gammafunk_ghost_cemetery, chequers_serial_rivers_room_a,
          uniq_terence
D:4:      layout_loops_ring, serial_shops, shop, uniq_edmund,
          uniq_crazy_yiuf_cottage, uniq_natasha
D:5:      layout_basic, elyvilon_altar_4, uniq_ijyb
D:6:      layout_gridville, grunt_temple_overflow_lords_of_destruction,
          nemelex_xobeh_ov_fountains_minmay, palyth_stone_intersect,
          uniq_prince_ribbit1
D:7:      layout_basic, grunt_gozag_breadcrumbs, minmay_temple_entry_offerings
D:8:      layout_basic, nicolae_ru_path_of_blood
D:9:      layout_long_grid, slow_altar_2, lemuel_round_altar, lair_entry_dummy,
          erik_orc_3
D:10:     layout_stronghold, serial_shops, nicolae_shop_behind_doors,
          grunt_ministairs_6, kennysheep_generic_room_11, uniq_grum
Temple:   cyrus_circular_temple
Lair:1:   layout_cellular_growth, portal_ice_cave_rime, serial_bayou_shore_b,
          uniq_nergalle
IceCv:    ice_cave_statue_garden_transporter

Skill      XL: |  1  2  3  4  5  6  7  8  9 10 |
---------------+-------------------------------+-----
Dodging        | 1 2 3 4 5 6 |  6.3
Shields        | 4 5 7 8 9 |  9.2
Armour         | 4 5 6 7 |  7.1
Fighting       | 4 5 6 7 |  7.1
Maces & Flails | 3 4 6 7 8 |  8.0

Action                   |  1- 3 |  4- 6 |  7- 9 | 10-12 || total
-------------------------+-------+-------+-------+-------++-------
Melee: Flail             |   113 |   204 |   327 |       ||   644
       Morningstar       |       |       |   318 |   279 ||   597
  Use: Scroll            |       |     4 |     8 |     3 ||    15
       Potion            |       |       |     4 |     2 ||     6
Armor: Scale mail        |    42 |    88 |       |       ||   130
       Chain mail        |       |    47 |   112 |       ||   159
       Plate armour      |       |       |   371 |   205 ||   576
Dodge: Dodged            |    34 |    59 |   195 |    64 ||   352
Block: Kite shield       |    65 |   113 |   433 |   163 ||   774
